 Dungeon Crawl Stone Soup version 0.31.0-11-ge490571c62 (webtiles) character file.

Game seed: 17479541352109733731

103 hawla the Chopper (level 4, 0/39 HPs)
             Began as a Hill Orc Monk on Jan 28, 2024.
             Slain by Natasha (8 damage)
             ... on level 2 of the Dungeon.
             The game lasted 00:02:54 (1550 turns).

hawla the Chopper (Hill Orc Monk)                   Turns: 1550, Time: 00:02:54

Health: 0/39       AC:  2    Str: 15    XL:     4   Next: 79%
Magic:  4/4        EV: 12    Int: 16    God:
Gold:   72         SH:  0    Dex: 13    Spells: 3/3 levels left

rFire   . . .        a - +0 hand axe
rCold   . . .        d - orb {light}
rNeg    . . .        b - +0 robe
rPois   .            (no helmet)
rElec   .            (no cloak)
rCorr   .            (no gloves)
SInv    .            (no boots)
Will    .....        (no amulet)
Stlth   +            i - +6 ring of intelligence
HPRegen 0.26/turn    (no ring)
MPRegen 0.09/turn

%: no passive effects
@: brilliant, glowing
A: no striking features
a: no special abilities


You were on level 2 of the Dungeon.
You visited 1 branch of the dungeon, and saw 2 of its levels.

You collected 72 gold pieces.

Inventory:

Hand Weapons
 a - a +0 hand axe (weapon)
Missiles
 g - a throwing net (quivered)
Armour
 b - a +0 robe (worn)
 d - an orb of light (worn)
Jewellery
 i - a +6 ring of intelligence (left hand)
Scrolls
 e - 3 scrolls of identify {unknown}
 f - a scroll of enchant armour {unknown}
 h - a scroll of noise {unknown}
 l - a scroll of brand weapon {unknown}
Potions
 c - a potion of ambrosia


   Skills:
 - Level 3.6 Fighting
 + Level 7.1 Axes
 - Level 2.4 Dodging


You had 3 spell levels left.
You didn't know any spells.
Your spell library contained the following spells:

 Spells                   Type           Power      Damage    Failure   Level
 Apportation              Tloc           0%         N/A       26%         1
 Necrotise                Necr           0%         1d4       26%         1
 Sting                    Conj/Alch      0%         1d3       26%         1
 Summon Small Mammal      Summ           0%         N/A       26%         1
 Cigotuvi's Dreadful Rot  Necr/Alch/Air  0%         N/A       36%         2
 Dispel Undead            Necr           0%         3d6       94%         4
 Martyr's Knell           Necr/Summ      0%         N/A       94%         4
 Death Channel            Necr           0%         N/A       100%        6


Dungeon Overview and Level Annotations

Branches:
Dungeon (2/15)

Altars:

Annotations:
D:2 Natasha


Message History

You see here a book of Cantrips.
You pick up a book of Cantrips and begin reading...
You add the spells Sting, Necrotise, Summon Small Mammal and Apportation to your library.
The rat twitches its whiskers.
Natasha claws you!
You hit Natasha.
Natasha is lightly wounded.
Natasha claws you!
You are too injured to fight recklessly!
You hit Natasha but do no damage.
Natasha is lightly wounded.
Natasha barely misses you.
You barely miss Natasha.
Natasha is lightly wounded.
You hit the rat.
You kill the rat!
Natasha claws you.
You barely miss Natasha.
Natasha is lightly wounded.
Natasha claws you.
* * * LOW HITPOINT WARNING * * *
You hit Natasha but do no damage.
Natasha is lightly wounded.
Natasha claws you.
* * * LOW HITPOINT WARNING * * *
It was a potion of brilliance.
You feel clever all of a sudden. Natasha closely misses you.
You hit Natasha.
Natasha is heavily wounded.
Natasha closely misses you.
You hit Natasha.
Natasha is severely wounded.
Natasha casts a spell at you. You resist with some effort.
You barely miss Natasha.
Natasha is severely wounded.
Natasha claws you!
You die...
Natasha curls up and begins to purr.

. #.. # .# .#. #.># #. ..
.#.####..# .# #.
........... .###r
###..#........ ...
#.......#####. # #.#
#.#..##.# #. #.
##†####.#..##.#####. ##.#
#..@h†........†.....
##...###..##.#.#.###.#####.
##..............#.###.# #.
#.......#.#.###.......# #.
#...........# #.....### #.
#........##.# #.###.# #.
##....##.##.....# #.# ##
#.... #.####.### #.# #.###
#.# #.# #.#


You could see Natasha.

Vanquished Creatures
  Natasha (twice) (D:2)
  6 ball pythons
  6 bats
  7 endoplasms
  4 giant cockroaches
  4 goblins
  5 hobgoblins (D:1)
  4 jackals (D:2)
  6 kobolds
  A quokka (D:2)
  A frilled lizard (D:1)
  3 rats
49 creatures vanquished.

Notes
Turn   | Place    | Note
-------+----------+-------------------------------------------
     0 | D:1      | hawla the Hill Orc Monk began the quest for the Orb.
     0 | D:1      | Reached XP level 1. HP: 19/19 MP: 1/1
   185 | D:1      | Reached XP level 2. HP: 26/26 MP: 2/2
   284 | D:1      | Reached skill level 5 in Axes
   518 | D:1      | Reached XP level 3. HP: 31/31 MP: 3/3
   975 | D:2      | Noticed Natasha
   980 | D:2      | Killed Natasha
   981 | D:2      | Reached skill level 6 in Axes
   981 | D:2      | Reached XP level 4. HP: 19/39 MP: 4/4
  1297 | D:2      | Found a faded altar of an unknown god.
  1407 | D:2      | Noticed Natasha
  1421 | D:2      | Killed Natasha
  1422 | D:2      | Reached skill level 7 in Axes
  1536 | D:2      | Noticed Natasha
  1550 | D:2      | Slain by Natasha

Illustrated notes

Levels and vault maps discovered:
D:1:      reono_arrival_forest_river, layout_basic
D:2:      layout_loops_ring, basic_ecumenical_altar, uniq_crazy_yiuf_cottage,
          uniq_natasha

Skill      XL: |  1  2  3  4 |
---------------+-------------+-----
Axes           | 5 6 7 |  7.1
Fighting       | |  3.6
Dodging        | |  2.4

Action                     |  1- 3 |  4- 6 || total
---------------------------+-------+-------++-------
  Melee: Hand axe          |    91 |    61 ||   152
    Use: Potion            |       |     2 ||     2
 Armour: Robe              |    45 |    33 ||    78
         Skin              |       |     4 ||     4
  Dodge: Dodged            |    48 |    29 ||    77
